 Dungeon Sprint DCSS version 0.26-a0-651-gb41185065b (webtiles) character file.

Game seed: 3630550009530240338

28542 tsouns the Unseen (level 13, -9/93 HPs)
             Began as a Kobold Berserker on Oct 30, 2020.
             Was the Champion of Trog.
             Killed by the raging water
             ... invoked by a water nymph
              (30 damage)
             ... in the Dungeon (Sprint IX: "|||||||||||||||||||||||||||||").
             The game lasted 00:15:11 (4559 turns).

tsouns the Unseen (Kobold Berserker)                Turns: 4559, Time: 00:15:13

Health: -9/93      AC: 14    Str: 14    XL:     13   Next: 74%
Magic:  13/13      EV: 29    Int: 12    God:    Trog [******]
Gold:   794        SH:  7    Dex: 19    Spells: 12/12 levels left

rFire    . . .     SeeInvis .   l - +8 rapier (venom)
rCold    . . .     Faith    .   b - +0 buckler
rNeg     . . .     Spirit   .   E - +0 swamp dragon scales
rPois    +         Reflect  .   y - +0 hat {Int+3}
rElec    .         Harm     .   u - +0 cloak
rCorr    .         Rampage  .   m - +0 pair of gloves
MR       +++..     NoTele   +   n - +0 pair of boots
Stlth    ++++......             (no amulet)
HPRegen  1.25/turn              B - ring of protection from magic
MPRegen  0.13/turn              p - +2 ring of evasion

@: mesmerised, very slightly contaminated, regenerating, invisible, very slow
A: small, nightstalker 3
a: Berserk, Trog's Hand, Brothers in Arms, Renounce Religion


You were in the Dungeon.
You worshipped Trog.
Trog was exalted by your worship.
You visited 1 branch You collected 1936 gold pieces.
You spent 1142 gold pieces at shops.

Inventory:

Hand Weapons
 l - a +8 rapier of venom (weapon)
 r - a +7 vorpal quick blade
 w - a +5 rapier of flaming
 C - the +8 demon blade "Leech" {vamp, *Rage +Rage rN+}
   (You found it in the Dungeon)

   It inflicts no extra harm, but heals its wielder when it wounds a living foe.
   It protects you from negative energy.
   It lets you go berserk.
   It may make you go berserk in combat.
 D - a +0 triple crossbow
 I - a +4 quick blade
Armour
 b - a +0 buckler (worn)
 m - a +0 pair of gloves (worn)
 n - a +0 pair of boots (worn)
 u - a +0 cloak (worn)
 v - a +0 kite shield
 y - a +0 hat of intelligence (worn)
 z - a +4 ring mail of positive energy
 E - +0 swamp dragon scales (worn)
 G - +1 ice dragon scales
Jewellery
 o - an uncursed ring of fire
 p - a +2 ring of evasion (right hand)
 A - an uncursed ring of protection from fire
 B - a ring of protection from magic (left hand)
Wands
 k - a wand of iceblast (4)
Scrolls
 h - 2 scrolls of blinking
 j - 4 scrolls of remove curse
 s - a scroll of fog
 t - a scroll of fear
 H - 2 scrolls of identify
Potions
 a - a potion of mutation
 c - 5 potions of curing
 d - 12 potions of heal wounds
 e - 3 potions of haste
 f - 4 potions of magic
 g - 2 potions of berserk rage
 F - a potion of might
Miscellaneous
 q - a phial of floods
 x - a phantom mirror


   Skills:
 + Level 16.0 Fighting
 - Level 17.5 Short Blades
 - Level 12.0 Throwing
 - Level 9.6 Armour
 + Level 17.1 Dodging
 + Level 19.6 Stealth
 * Level 6.7 Shields
 - Level 11.5 Evocations


You had 12 spell levels left.
You didn't know any spells.
Your spell library was empty.

Dungeon Overview and Level Annotations

Branches:
Dungeon (1/1)

Altars:
Cheibriados
Dithmenos
Elyvilon
Fedhas
Gozag
Hepliaklqana
Kikubaaqudgha
Makhleb
Nemelex Xobeh
Okawaru
Qazlal
Ru
Sif Muna
Trog
Uskayaw
Vehumet
Wu Jian
Xom
Yredelemnul
Zin
The Shining One
Beogh
Jiyva
Lugonu

Shops:
D *[[}


Innate Abilities, Weirdness & Mutations

You are small and have problems with some larger weapons.
You are completely attuned to the shadows.


Message History

The water nymph points at you and mumbles some strange words.
The water swirls and strikes you!!
* * * LOW HITPOINT WARNING * * *
The merfolk siren chants its luring song.
You are very lightly contaminated with residual magic.
Unknown command.
Press: ? - help, Dir - move target cursor You cannot blink away from the merfolk siren!
Press: ? - help, Dir - move target cursor You cannot blink away from the merfolk siren!
Press: ? - help, Dir - move target cursor
Okay, then.
Unknown command.
You feel much better.
The water nymph points at you and mumbles some strange words.
The water swirls and strikes you!
* * * LOW HITPOINT WARNING * * *
The water nymph points at you and mumbles some strange words.
The water swirls and strikes you!!
You die...

..∩.∩.∩)∩)[)))').)...).)))))).)))
▓▓▓▓▓▓▓▓▓▓▓▓▓▓▓▓▓▓▓▓▓▓▓▓▓▓▓▓▓▓▓▓▓
.................................
▓▓▓▓▓▓▓▓▓▓▓▓▓▓▓▓▓▓▓▓▓▓▓▓▓▓▓▓▓▓▓▓▓
...)...)).).[))..)......[[[[.[[..
▓▓▓▓▓▓▓▓▓▓▓▓▓▓▓▓▓▓▓▓▓▓▓▓▓▓▓▓▓▓▓▓▓
..........)..)...................
♣♣♣♣♣♣♣♣♣♣▓▓▓▓▓▓▓▓▓▓▓▓▓▓▓▓▓▓▓▓▓▓▓
mmmm@.)'.......††).).
▓▓▓▓▓▓▓▓▓▓▓▓▓▓▓▓▓▓▓▓▓


You could see a merfolk impaler, a merfolk siren (mesmerising) and 2 water
nymphs.

Vanquished Creatures
  Gastronok (D)
  A tengu reaver (D)
  A fire giant (D)
  An ogre mage (D)
  Josephine (D)
  A hydra (D)
  2 naga warriors (D)
  2 rakshasas (D)
  A merfolk avatar (D)
  3 two-headed ogres (D)
  A vampire mage (D)
  3 orc high priests (D)
  A shock serpent (D)
  Urug (D)
  3 orc knights (D)
  An orc sorcerer (D)
  A wolf spider (D)
  A cyclops (D)
  3 black mambas (D)
  A merfolk siren (D)
  4 cane toads (D)
  A rime drake (D)
  A freezing wraith (D)
  A demonic crawler (D)
  A blink frog (D)
  A hornet (D)
  A jumping spider (D)
  A hippogriff (D)
  2 wyverns (D)
  A shadow (D)
  A redback (D)
  A tarantella (D)
  A yak (D)
  5 wraiths (D)
  A vampire mosquito (D)
  A water moccasin (D)
  6 porcupines (D)
  4 orc warriors (D)
  A black bear (D)
  An ice beast (D)
  A sky beast (D)
  A wolf (D)
  A crocodile (D)
  2 bullfrogs (D)
  A wight (D)
  5 orc wizards (D)
  2 orc priests (D)
  An iguana (D)
  2 adders (D)
  2 leopard geckos (D)
  9 orcs (D)
  2 bats (D)
  A bat zombie (D)
  A hobgoblin (D)
  A quokka (D)
  A rat (D)
99 creatures vanquished.

Vanquished Creatures (collateral kills)
  An emperor scorpion (D)
  An orc high priest (D)
  A naga sharpshooter (D)
  2 orb spiders (D)
  An orc sorcerer (D)
  A salamander (D)
  An ugly thing (D)
  A naga mage (D)
  3 cane toads (D)
  A slime creature (D)
  A redback (D)
  A redback (shapeshifter) (D)
  A wyvern (D)
  A vampire mosquito (D)
  8 orc warriors (D)
  A bullfrog (D)
  4 orcs (D)
30 creatures vanquished.

Grand Total: 129 creatures vanquished

Notes
Turn   | Place    | Note
-------+----------+-------------------------------------------
     0 | D        | tsouns the Kobold Berserker began the quest for the Orb.
     0 | D        | Reached XP level 1. HP: 14/14 MP: 1/1
     8 | D        | Reached skill level 1 in Throwing
     8 | D        | Reached skill level 1 in Stealth
     9 | D        | Reached ** piety under Trog
    13 | D        | Reached XP level 2. HP: 19/19 MP: 2/2
    59 | D        | Noticed a sky beast
    69 | D        | Reached *** piety under Trog
    69 | D        | Reached skill level 5 in Short Blades
    69 | D        | Reached skill level 3 in Stealth
    69 | D        | Reached XP level 3. HP: 24/24 MP: 3/3
    72 | D        | Killed a sky beast
    72 | D        | Reached skill level 5 in Fighting
    72 | D        | Reached skill level 5 in Dodging
    72 | D        | Reached skill level 5 in Stealth
    72 | D        | Reached XP level 4. HP: 31/31 MP: 4/4
    72 | D        | Reached XP level 5. HP: 35/35 MP: 5/5
    85 | D        | Reached **** piety under Trog
   187 | D        | Found a roughly hewn altar of Beogh.
   187 | D        | Found a snail-covered altar of Cheibriados.
   187 | D        | Found a shadowy altar of Dithmenos.
   188 | D        | Found a white marble altar of Elyvilon.
   189 | D        | Found a blossoming altar of Fedhas.
   190 | D        | Found an opulent altar of Gozag.
   191 | D        | Found a hazy altar of Hepliaklqana.
   192 | D        | Found a viscous altar of Jiyva.
   193 | D        | Found an ancient bone altar of Kikubaaqudgha.
   194 | D        | Found a corrupted altar of Lugonu.
   195 | D        | Found a burning altar of Makhleb.
   196 | D        | Found a sparkling altar of Nemelex Xobeh.
   197 | D        | Found an iron altar of Okawaru.
   198 | D        | Found a stormy altar of Qazlal.
   199 | D        | Found a sacrificial altar of Ru.
   200 | D        | Found a shimmering blue altar of Sif Muna.
   201 | D        | Found a bloodstained altar of Trog.
   202 | D        | Found a hide-covered altar of Uskayaw.
   203 | D        | Found a radiant altar of Vehumet.
   204 | D        | Found an ornate altar of the Wu Jian Council.
   205 | D        | Found a shimmering altar of Xom.
   206 | D        | Found a basalt altar of Yredelemnul.
   207 | D        | Found a glowing silver altar of Zin.
   208 | D        | Found a glowing golden altar of the Shining One.
   245 | D        | Noticed an ice beast
   245 | D        | Noticed a black bear
   250 | D        | Killed a black bear
   250 | D        | Reached skill level 5 in Throwing
   250 | D        | Reached skill level 6 in Stealth
   250 | D        | Reached XP level 6. HP: 41/41 MP: 6/6
   255 | D        | Reached skill level 7 in Stealth
   255 | D        | Noticed an orc warrior
   258 | D        | Noticed a yak
   262 | D        | Killed an ice beast
   264 | D        | Reached ***** piety under Trog
   269 | D        | Killed an orc warrior
   269 | D        | Reached skill level 5 in Armour
   269 | D        | Reached skill level 8 in Stealth
   269 | D        | Reached XP level 7. HP: 48/48 MP: 7/7
   284 | D        | Killed a yak
   284 | D        | Reached skill level 9 in Stealth
   518 | D        | Noticed a wraith
   518 | D        | Noticed a shadow
   518 | D        | Noticed a hornet
   519 | D        | Noticed a two-headed ogre
   520 | D        | Killed a hornet
   520 | D        | Reached XP level 8. HP: 54/54 MP: 8/8
   521 | D        | Noticed a slime creature
   529 | D        | Killed a shadow
   529 | D        | Received a gift from Trog
   529 | D        | Reached skill level 10 in Short Blades
   530 | D        | Noticed a white ugly thing
   536 | D        | Killed a wraith
   536 | D        | Reached skill level 10 in Stealth
   541 | D        | Killed a two-headed ogre
   541 | D        | Reached skill level 11 in Stealth
   541 | D        | Reached XP level 9. HP: 60/60 MP: 9/9
   553 | D        | Killed a slime creature
   553 | D        | Reached skill level 10 in Dodging
   554 | D        | Killed a white ugly thing
   880 | D        | Noticed a cane toad
   888 | D        | Killed a cane toad
   890 | D        | Reached skill level 10 in Fighting
   890 | D        | Reached skill level 12 in Stealth
   894 | D        | Noticed a blink frog
   904 | D        | Killed a blink frog
   904 | D        | Reached skill level 10 in Throwing
   904 | D        | Reached XP level 10. HP: 65/68 MP: 10/10
   905 | D        | Noticed a cane toad
  1018 | D        | Noticed a rime drake
  1030 | D        | Killed a cane toad
  1040 | D        | Killed a rime drake
  1040 | D        | Received a gift from Trog
  1112 | D        | Reached skill level 13 in Stealth
  1121 | D        | Reached ****** piety under Trog
  1130 | D        | Noticed a cane toad
  1141 | D        | Killed a cane toad
  1415 | D        | Noticed a cane toad
  1415 | D        | Noticed a cane toad
  1423 | D        | Killed a cane toad
  1427 | D        | Killed a cane toad
  1427 | D        | Received a gift from Trog
  1429 | D        | Noticed a cane toad
  1439 | D        | Killed a cane toad
  1439 | D        | Reached skill level 14 in Stealth
  1439 | D        | Reached XP level 11. HP: 37/74 MP: 11/11
  1674 | D        | Noticed Urug
  1678 | D        | Killed Urug
  1678 | D        | Received a gift from Trog
  1843 | D        | Received a gift from Trog
  1905 | D        | Noticed an orc sorcerer
  1911 | D        | Killed an orc sorcerer
  1917 | D        | Received a gift from Trog
  1935 | D        | Noticed an orc knight
  1961 | D        | Killed an orc knight
  2214 | D        | Noticed an orc knight
  2218 | D        | Killed an orc knight
  2221 | D        | Noticed an orc sorcerer
  2221 | D        | Noticed an orc high priest
  2225 | D        | Killed an orc high priest
  2225 | D        | Reached skill level 15 in Stealth
  2225 | D        | Reached skill level 5 in Evocations
  2226 | D        | Found Saonkep's Gadget Boutique.
  2227 | D        | Killed an orc sorcerer
  2227 | D        | Received a gift from Trog
  2232 | D        | Found Ylluc's Armour Shop.
  2232 | D        | Noticed an orc high priest
  2236 | D        | Noticed a sun demon
  2242 | D        | Killed an orc high priest
  2312 | D        | Noticed an orc knight
  2370 | D        | Killed an orc knight
  2370 | D        | Received a gift from Trog
  2640 | D        | Noticed an orc high priest
  2655 | D        | Killed an orc high priest
  2655 | D        | Reached skill level 15 in Short Blades
  2733 | D        | Found Seonwec's Armour Boutique.
  2735 | D        | Bought a phantom mirror for 390 gold pieces
  2737 | D        | Found Ydynut's Assorted Antiques.
  2738 | D        | Bought a +3 leather armour of positive energy for 210 gold
                  | pieces
  2751 | D        | Bought a +0 buckler for 58 gold pieces
  2756 | D        | Bought a +4 ring mail of positive energy for 364 gold
                  | pieces
  2769 | D        | Bought a potion of heal wounds for 100 gold pieces
  2769 | D        | Bought a scroll labeled FASKEI TELA for 20 gold pieces
  2770 | D        | Noticed an orc high priest
  2774 | D        | Killed an orc high priest
  2774 | D        | Reached XP level 12. HP: 84/84 MP: 12/12
  2836 | D        | Noticed Gastronok
  2853 | D        | Killed Gastronok
  2853 | D        | Reached skill level 16 in Stealth
  3005 | D        | Found the +8 demon blade "Leech" {vamp, *Rage +Rage rN+}
  3080 | D        | Received a gift from Trog
  3082 | D        | Noticed a two-headed ogre
  3091 | D        | Noticed a five-headed hydra
  3095 | D        | Noticed a two-headed ogre
  3109 | D        | Killed a two-headed ogre
  3119 | D        | Killed a five-headed hydra
  3119 | D        | Reached skill level 17 in Stealth
  3120 | D        | Noticed a rakshasa
  3125 | D        | Killed a two-headed ogre
  3125 | D        | Reached skill level 15 in Dodging
  3134 | D        | Killed a rakshasa
  3134 | D        | Received a gift from Trog
  3141 | D        | Noticed a vampire mage
  3148 | D        | Killed a vampire mage
  3157 | D        | Noticed an anaconda
  3157 | D        | a swamp worm changed into an anaconda
  3159 | D        | Noticed a deep troll
  3159 | D        | an anaconda changed into a deep troll
  3160 | D        | a deep troll changed into a water nymph
  3176 | D        | Noticed a rakshasa
  3187 | D        | Killed a rakshasa
  3187 | D        | Reached skill level 10 in Evocations
  3517 | D        | Noticed an ogre mage
  3518 | D        | Noticed a tengu reaver
  3519 | D        | Noticed a fire giant
  3521 | D        | Killed an ogre mage
  3521 | D        | Received a gift from Trog
  3542 | D        | Killed a tengu reaver
  3542 | D        | Reached skill level 18 in Stealth
  3542 | D        | Reached XP level 13. HP: 77/91 MP: 13/13
  3554 | D        | Killed a fire giant
  3902 | D        | Noticed Josephine
  3904 | D        | Received a gift from Trog
  3907 | D        | Killed Josephine
  3907 | D        | Reached skill level 15 in Fighting
  4083 | D        | Noticed a naga warrior
  4084 | D        | Reached skill level 1 in Shields
  4105 | D        | Killed a naga warrior
  4105 | D        | Received a gift from Trog
  4115 | D        | Noticed a naga warrior
  4133 | D        | Killed a naga warrior
  4133 | D        | Reached skill level 19 in Stealth
  4479 | D        | Received a gift from Trog
  4479 | D        | Reached skill level 5 in Shields
  4490 | D        | Noticed an emperor scorpion
  4511 | D        | Killed an emperor scorpion
  4513 | D        | Received a gift from Trog
  4540 | D        | Noticed a merfolk avatar
  4544 | D        | Killed a merfolk avatar
  4551 | D        | Noticed a merfolk impaler
  4559 | D        | Killed from afar by a water nymph

Illustrated notes

Levels and vault maps discovered:
D:        linesprint [early_d, line_temple, items_1, d_10, items_2, lair_1,
          lair_end, items_3, orc_1, orc_end, items_4, d_15, swamp_1, shoals_1,
          snake_1, spider_1, d_20, vaults_1, items_5, swamp_end, shoals_end,
          snake_end, spider_end, vaults_end, d_27, items_6, zot_1, zot_end,
          crypt_end, forest_end, elf_end, slime_end, tomb_end, abyss_end,
          pan_hell_end]

Skill      XL: |  1  2  3  4  5  6  7  8  9 10 11 12 13 |
---------------+----------------------------------------+-----
Throwing       | 1 2 4 5 6 7 9 10 11 12 | 12.0
Stealth        | 1 3 5 6 8 9 11 12 14 15 18 19 | 19.6
Dodging        | 3 5 6 7 8 9 10 12 14 15 17 | 17.1
Fighting       | 4 5 6 7 8 9 10 11 13 14 16 | 16.0
Short Blades   | 5 6 7 8 9 11 12 13 15 17 | 17.5
Armour         | 2 3 4 5 7 8 9 |  9.6
Evocations     | 7 10 11 | 11.5
Shields        | 6 |  6.7

Action                   |  1- 3 |  4- 6 |  7- 9 | 10-12 | 13-15 || total
-------------------------+-------+-------+-------+-------+-------++-------
Melee: Short sword       |    18 |    13 |       |       |       ||    31
       Rapier            |       |    20 |    52 |   146 |   101 ||   319
       Quick blade       |       |       |       |    55 |    10 ||    65
Invok: Berserk           |     2 |     1 |     2 |     5 |     3 ||    13
       Brothers in Arms  |       |       |     1 |     6 |     3 ||    10
       Trog's Hand       |       |       |       |       |     1 ||     1
Evoke: Wand              |       |       |       |     6 |       ||     6
       Phial of floods   |       |       |       |     1 |       ||     1
  Use: Scroll            |       |       |     6 |     1 |     1 ||     8
       Potion            |       |       |       |       |     2 ||     2
 Stab: Sleeping          |       |       |     1 |    14 |     6 ||    21
       Distracted        |       |       |       |     1 |       ||     1
Armor: Animal skin       |     2 |     3 |     2 |       |       ||     7
       Swamp dragon scal |       |       |       |    10 |    13 ||    23
Dodge: Dodged            |     5 |    18 |    24 |    82 |    76 ||   205
Block: Buckler           |       |       |       |     8 |    14 ||    22

Table legend: (Time is in decaauts)
 A = Elapsed time spent in this place.
 B = Non-inter-level travel time spent in this place.
 C = Inter-level travel time spent in this place.
 D = Time resting spent in this place.
 E = Time spent auto-exploring this place.
 F = Levels seen in this place.
 G = Mean time per level.
                   A        B        C        D        E       F      G
               +--------+--------+--------+--------+--------+-----+--------+
         Total |   4467 |   4467 |      0 |   2872 |    615 |   1 | 4467.0 |
       Dungeon |   4467 |   4467 |      0 |   2872 |    615 |   1 | 4467.0 |
               +--------+--------+--------+--------+--------+-----+--------+

Top non-repeatable levels by time:
       D: 4467 daAuts
